Map: Port Aleksander LE

Players

Reynor

  • Race: Zerg Zerg
  • League: Master
  • Spawn Location: 5:00

Serral - Winner!

  • Race: Zerg Zerg
  • Spawn Location: 11:00

Event: 2019 WCS Winter Europe

VOD

Have the link to the VOD?

Description

Time

  • Played on: April 7, 2019, 4:33 p.m.
  • Length: 7:26

All games in this series

Show
View Real Time Build Order
Export as new Build Order

Reynor Zerg 

Build Orders: Hatch First 

Get SALT Encoding   

  12  0:00  Drone  
  13  0:12  Overlord  
  13  0:18  Drone  
  14  0:30  Drone x2  
  16  0:49  Hatchery  
  15  0:52  Drone  
  15  0:56  Drone  
  17  1:00  Drone  
  18  1:08  Extractor  
  17  1:17  Spawning Pool  
  16  1:20  Drone  
  16  1:23  Drone  
  18  1:28  Drone  
  19  1:38  Drone  
  20  1:49  Drone  
  21  2:01  Drone x2  
  23  2:03  Queen x2  
  27  2:10  Overlord  
  27  2:13  Drone  
  28  2:19  Metabolic Boost  
  28  2:28  Drone x2  
  30  2:40  Hatchery  
  30  2:43  Zergling x2  
  30  2:44  Zergling x2  
  30  2:47  Drone  
  32  2:52  Overlord  
  32  2:58  Baneling Nest  
  31  3:01  Drone x2  
  33  3:07  Drone x2  
  35  3:14  Zergling x2  
  35  3:18  Overlord  
  35  3:19  Queen  
  36  3:22  Drone  
  36  3:25  Zergling x2  
  40  3:28  Drone  
  40  3:29  Drone  
  42  3:34  Drone  
  42  3:35  Evolution Chamber  
  42  3:36  Drone  
  42  3:40  Zergling x4  
  45  3:43  Baneling x2  
  45  3:47  Drone x2  
  47  3:51  Drone x2  
  47  3:55  Drone x2  
  51  4:02  Overlord  
  51  4:07  Drone x3  
  51  4:08  Drone x2  
  56  4:11  Zerg Missile Weapons Level 1  
  56  4:13  Drone  
  56  4:15  Overlord  
  57  4:23  Roach Warren  
  56  4:25  Extractor, Drone  
  56  4:26  Extractor  
  56  4:27  Drone  
  56  4:29  Drone  
  56  4:30  Drone  
  56  4:31  Drone  
  59  4:36  Drone x3  
  62  4:40  Lair  
  62  4:43  Drone x2  
  62  4:45  Drone x2  
  66  4:48  Drone  
  66  4:50  Overlord  
  67  4:53  Drone x2  
  67  4:55  Drone x2  
  67  4:58  Overlord  
  71  5:06  Extractor  
  70  5:07  Extractor, Drone x3  
  70  5:08  Extractor, Drone x2  
  70  5:09  Drone  
  74  5:27  Drone x4  
  77  5:29  Drone x3, Zergling x4  
  77  5:30  Zergling x6  
  77  5:35  Overlord  
  85  5:37  Overseer  
  85  5:38  Hatchery  
  85  5:42  Roach x2  
  88  5:43  Glial Reconstitution  
  88  5:45  Roach  
  88  5:47  Overlord  
  90  5:55  Roach x4  
  97  5:57  Overlord  
  97  6:01  Overlord  
  97  6:05  Overlord  
  97  6:08  Roach x5  
  104  6:13  Overlord  
  104  6:17  Roach x4  
  110  6:20  Roach  
  110  6:21  Ravager  
  110  6:24  Roach  
  115  6:28  Roach x2  
  115  6:31  Ravager  
  120  6:34  Roach x4  
  120  6:37  Roach x3  
  120  6:39  Overlord  
  133  6:40  Roach  
  127  6:47  Roach  
  127  6:48  Roach x2  
  127  6:53  Roach  
  109  7:00  Roach  
  109  7:01  Roach x2  
  102  7:02  Roach x4  
  102  7:05  Roach  
Show
View Real Time Build Order
Export as new Build Order

Serral Zerg - Winner!

Build Orders: Hatch First 

Get SALT Encoding   

  12  0:00  Drone  
  13  0:12  Overlord  
  13  0:17  Drone  
  14  0:30  Drone x2  
  16  0:49  Hatchery  
  15  0:52  Drone  
  15  0:56  Drone  
  17  0:59  Drone  
  18  1:10  Extractor  
  17  1:15  Spawning Pool  
  17  1:18  Drone  
  17  1:21  Drone  
  18  1:28  Drone  
  19  1:38  Drone  
  20  1:49  Drone  
  21  1:59  Overlord  
  21  2:01  Queen x2  
  21  2:02  Zergling x2  
  26  2:10  Metabolic Boost  
  26  2:11  Drone  
  26  2:13  Drone  
  28  2:21  Drone  
  28  2:22  Drone  
  30  2:36  Hatchery  
  29  2:39  Drone  
  29  2:41  Drone  
  29  2:43  Drone  
  32  2:50  Baneling Nest  
  31  2:54  Overlord  
  31  2:56  Drone  
  32  3:04  Drone  
  32  3:09  Zergling x4  
  34  3:13  Zergling x2  
  34  3:19  Zergling x4  
  37  3:20  Drone x3  
  37  3:22  Overlord  
  40  3:28  Queen  
  40  3:30  Zergling x2  
  40  3:32  Drone  
  40  3:33  Baneling  
  44  3:41  Drone  
  45  3:43  Drone x3  
  45  3:44  Drone x2  
  50  3:48  Drone  
  50  3:50  Drone, Evolution Chamber  
  50  3:53  Drone  
  50  3:54  Drone  
  53  3:56  Drone  
  54  4:04  Lair  
  54  4:08  Extractor, Drone  
  54  4:09  Drone, Extractor  
  53  4:11  Overlord  
  53  4:13  Drone  
  53  4:17  Drone, Zerg Missile Weapons Level 1  
  54  4:19  Drone  
  54  4:23  Roach Warren  
  55  4:25  Baneling  
  55  4:27  Zergling x2  
  55  4:28  Drone  
  55  4:29  Drone  
  58  4:33  Drone x4  
  58  4:37  Overlord  
  62  4:39  Drone  
  62  4:40  Drone  
  62  4:44  Overlord  
  65  4:45  Zergling x2  
  65  4:48  Drone  
  65  4:52  Overlord  
  66  4:53  Overlord  
  66  4:56  Drone x2  
  66  4:57  Drone  
  66  4:59  Drone  
  70  5:01  Extractor  
  70  5:02  Extractor  
  70  5:03  Glial Reconstitution  
  67  5:07  Drone  
  67  5:08  Overlord  
  67  5:11  Roach x2  
  67  5:12  Overseer  
  72  5:15  Overlord  
  72  5:19  Roach x3  
  78  5:24  Queen  
  78  5:28  Roach x2  
  82  5:32  Roach x2  
  82  5:33  Roach  
  88  5:36  Overlord  
  88  5:38  Roach  
  88  5:40  Roach  
  92  5:45  Nydus Network  
  92  5:47  Roach x2  
  95  5:53  Roach x3  
  101  5:57  Roach x2  
  101  6:01  Overlord  
  101  6:03  Roach x2  
  109  6:08  Roach x2  
  111  6:15  Roach  
  111  6:16  Roach x4  
  119  6:21  Nydus Canal  
  119  6:22  Roach x3  
  124  6:26  Overlord  
  124  6:27  Overlord  
  124  6:30  Roach  
  124  6:32  Roach  
  128  6:33  Roach  
  128  6:37  Nydus Canal  
  130  6:44  Roach  
  130  6:45  Roach x4  
  136  6:47  Roach  
  136  6:50  Roach  
  136  6:52  Roach  
  128  6:54  Roach  
  128  6:56  Zergling x8  
  128  6:59  Roach  
  128  7:00  Roach  
  134  7:03  Roach  
  134  7:04  Roach  
  134  7:05  Roach  
Tags
 
Add a new tag
Caveats
  • Supply blocks, unpowered buildings, or Contaminate may cause inaccurate times.
  • Supply counts are checked every 10 seconds.